 Dungeon Crawl Stone Soup version 0.30.0-16-gbe6223bb7e (webtiles) character file.

Game seed: 3886839920224132851

131 Peloso the Covered (level 4, 0/41 HPs)
             Began as a Minotaur Fighter on May 20, 2023.
             Slain by a goblin
             ... wielding a +0 club
             ... led by Robin
              (3 damage)
             ... on level 2 of the Dungeon.
             The game lasted 00:03:26 (1648 turns).

Peloso the Covered (Minotaur Fighter)               Turns: 1648, Time: 00:03:27

Health: 0/41       AC: 12    Str: 21    XL:     4   Next: 91%
Magic:  3/3        EV:  6    Int:  5    God:
Gold:   95         SH:  4    Dex: 11    Spells: 3/3 levels left

rFire   . . .        a - +1 long sword
rCold   . . .        d - +0 buckler
rNeg    . . .        c - +0 plate armour
rPois   .            (helmet restricted)
rElec   .            (no cloak)
rCorr   .            (no gloves)
SInv    .            (no boots)
Will    .....        (no amulet) Stlth
                     (no ring)
HPRegen 0.26/turn    (no ring)
MPRegen 0.08/turn

%: no passive effects
@: no status effects
A: horns 2, retaliatory headbutt
a: no special abilities


You were on level 2 of the Dungeon.
You visited 1 branch of the dungeon, and saw 3 of its levels.

You collected 95 gold pieces.

Inventory:

Hand Weapons
 a - a +1 long sword (weapon)
Missiles
 f - a throwing net (quivered)
Armour
 b - a +0 scale mail
 c - a +0 plate armour (worn)
 d - a +0 buckler (worn)
Scrolls
 h - a scroll of identify {unknown}
 i - a scroll of silence {unknown}
Potions
 e - 2 potions of curing {unknown}
 g - 3 potions of might


   Skills:
 + Level 4.8 Fighting
 + Level 3.9 Long Blades
 + Level 4.9 Armour
 + Level 0.2 Dodging
 + Level 3.9 Shields


You had 3 spell levels left.
You didn't know any spells.
Your spell library was empty.

Dungeon Overview and Level Annotations

Branches:
Dungeon (3/15)

Altars:

Shops:
D:1 =


Innate Abilities, Weirdness & Mutations

You have a pair of horns on your head.
You reflexively headbutt those who attack you in melee.


Message History

* * * LOW HITPOINT WARNING * * *
The ball python bites you but does no damage.
The ball python constricts you. The adder bites you.
* * * LOW HITPOINT WARNING * * *
You hit the adder. Your headbutt misses the adder.
The adder is severely wounded.
The ball python bites you but does no damage.
The ball python constricts you. The adder bites you but does no damage.
You barely miss the adder.
The adder is severely wounded.
The ball python bites you but does no damage.
The ball python constricts you. The adder bites you.
* * * LOW HITPOINT WARNING * * *
You are poisoned.
The adder poisons you! The ball python completely misses you.
You furiously retaliate!
You headbutt the ball python!
You kill the ball python!
The adder bites you but does no damage.
You hit the adder. You headbutt the adder.
You kill the adder!
You feel sick.
Unknown command.
You miss the goblin. Your headbutt misses the goblin.
You feel sick. The goblin hits you with a +0 club.
* * * LOW HITPOINT WARNING * * *
The goblin hits you but does no damage.
Unknown command.
Okay, then.
You closely miss the goblin.
You feel sick. The goblin closely misses you. The goblin barely misses you.
Unknown command.
You barely miss the goblin.
You feel sick. The goblin barely misses you.
The goblin hits you but does no damage.
Unknown command.
You slash the goblin!
You kill the goblin!
You feel sick.
You are no longer poisoned.
The goblin hits you with a +0 club.
You die...

##### ##########...#
####............#
#@).†..)........#
#g#...........####
......)g#...........#### ..
........................
#..#######.#####...........####
#.........# #.#####.........
#####.##### ...# #......... #.#
##### #......... #######.#
#..^......


You could see a hobgoblin and a goblin.

Vanquished Creatures
  Robin (D:2)
  5 adders (D:2)
  A dart slug (D:1)
  8 ball pythons
  4 bats
  7 endoplasms
  A giant cockroach (D:2)
  12 goblins
  11 hobgoblins
  10 kobolds
  A quokka (D:1)
  6 frilled lizards
  3 rats
70 creatures vanquished.

Notes
Turn   | Place    | Note
-------+----------+-------------------------------------------
     0 | D:1      | Peloso the Minotaur Fighter began the quest for the Orb.
     0 | D:1      | Reached XP level 1. HP: 19/19 MP: 0/0
   153 | D:1      | Reached XP level 2. HP: 17/27 MP: 1/1
   575 | D:1      | Reached XP level 3. HP: 33/33 MP: 2/2
   655 | D:1      | Found Tuent's One-of-a-Kind Rings.
   801 | D:1      | Found a faded altar of an unknown god.
  1213 | D:2      | Reached XP level 4. HP: 17/40 MP: 3/3
  1329 | D:2      | Noticed Robin
  1447 | D:2      | You fall into a shaft and drop 1 floor!
  1629 | D:2      | Killed Robin
  1648 | D:2      | Slain by a goblin

Illustrated notes

Levels and vault maps discovered:
D:1:      minmay_arrival_three_doors, layout_loops_corners,
          basic_ecumenical_altar, nicolae_shop_unique_rings
D:2:      layout_basic, minmay_between, uniq_robin
D:3:      layout_rooms, mainiacjoe_overflow_24_doors, bloody_trog,
          chequers_mini_garden, minmay_unequal

Skill      XL: |  1  2  3 |
---------------+----------+-----
Fighting       | 4 |  4.8
Armour         | 4 |  4.9
Long Blades    | 3 |  3.9
Dodging        | |  0.2
Shields        | |  3.9

Action                     |  1- 3 |  4- 6 || total
---------------------------+-------+-------++-------
  Melee: Long sword        |   123 |    57 ||   180
         Headbutt          |     9 |     3 ||    12
    Use: Scroll            |     1 |     1 ||     2
         Potion            |       |     2 ||     2
 Armour: Scale mail        |    45 |       ||    45
         Plate armour      |    75 |    60 ||   135
  Dodge: Dodged            |    56 |    31 ||    87
  Block: Buckler           |    38 |    18 ||    56
